Map: 紫晶浪漫-天梯版

Players

iGXiGua (XiGua)

  • Race: Zerg Zerg

iGXY (XY) - Winner!

  • Race: Terran Terran

Event: DreamHack SC2 Masters 2020 Winter

VOD

Have the link to the VOD?

Description

Time

  • Played on: Oct. 14, 2020, 8:58 a.m.
  • Length: 23:30

All games in this series

Show
View Real Time Build Order
Export as new Build Order

iGXiGua Zerg 

Build Orders: Hatch First, Muta Ling Bane 

Get SALT Encoding   

  12  0:00  Drone  
  13  0:12  Overlord  
  13  0:16  Drone  
  14  0:30  Drone x2  
  16  0:48  Hatchery  
  15  0:51  Drone  
  15  0:55  Drone  
  17  0:57  Drone  
  18  1:08  Extractor  
  17  1:13  Spawning Pool  
  17  1:15  Drone  
  17  1:19  Drone  
  18  1:27  Drone  
  19  1:38  Drone  
  20  1:49  Overlord  
  20  2:00  Queen x2  
  20  2:01  Zergling x4  
  26  2:08  Metabolic Boost  
  26  2:11  Drone  
  26  2:12  Drone  
  28  2:22  Drone x2  
  30  2:35  Hatchery  
  28  2:40  Drone  
  28  2:43  Queen  
  32  2:51  Zergling x6  
  34  2:59  Overlord  
  34  3:00  Drone  
  34  3:04  Drone  
  35  3:23  Overlord  
  35  3:25  Drone  
  36  3:28  Overlord  
  35  3:35  Drone  
  35  3:41  Queen  
  35  3:44  Drone x7  
  43  3:48  Drone  
  43  3:49  Drone  
  43  3:51  Queen  
  47  3:58  Drone x5  
  52  4:05  Drone  
  52  4:06  Overlord  
  52  4:09  Zergling x2  
  54  4:13  Lair  
  54  4:16  Extractor  
  53  4:17  Zergling x4  
  53  4:24  Zergling x6  
  57  4:25  Overlord  
  57  4:26  Drone x3  
  61  4:34  Drone x3  
  61  4:41  Drone x2  
  61  4:42  Roach Warren  
  61  4:45  Drone  
  63  4:48  Queen  
  63  4:49  Drone  
  66  4:56  Drone x7  
  72  5:01  Overlord  
  72  5:05  Overlord  
  72  5:08  Evolution Chamber  
  72  5:09  Spore Crawler, Evolution Chamber, Extractor  
  72  5:10  Extractor  
  72  5:12  Spore Crawler  
  72  5:14  Spore Crawler, Overseer  
  65  5:16  Drone  
  66  5:25  Glial Reconstitution  
  66  5:27  Drone x6  
  70  5:30  Drone  
  70  5:31  Drone x3  
  70  5:35  Drone x3  
  77  5:36  Extractor x2  
  77  5:37  Drone  
  77  5:42  Zerg Ground Armor Level 1  
  76  5:45  Zerg Missile Weapons Level 1  
  76  5:46  Drone  
  77  5:51  Overlord  
  77  5:55  Overlord  
  77  5:56  Drone x3  
  80  5:57  Drone  
  81  6:05  Roach x4  
  81  6:10  Overseer  
  89  6:15  Hatchery  
  88  6:20  Roach x4  
  94  6:25  Drone  
  94  6:26  Drone x2  
  96  6:36  Overlord, Drone  
  96  6:37  Drone x4  
  96  6:38  Drone  
  100  6:41  Overlord  
  100  6:42  Overlord  
  100  6:44  Overlord  
  100  6:50  Baneling Nest  
  99  6:57  Spire  
  98  7:14  Zergling x8  
  98  7:15  Zergling x6  
  104  7:21  Hatchery, Overlord  
  103  7:23  Drone x9  
  103  7:25  Overseer  
  112  7:30  Pneumatized Carapace  
  112  7:31  Drone x6  
  112  7:34  Drone  
  112  7:37  Zerg Melee Weapons Level 1  
  119  7:39  Overlord, Zerg Ground Armor Level 2, Drone  
  120  7:44  Overlord  
  120  7:45  Overlord, Centrifical Hooks  
  120  7:47  Drone x2  
  120  7:50  Extractor  
  120  8:12  Spore Crawler, Drone x4  
  123  8:13  Mutalisk x10  
  123  8:16  Zerg Flyer Weapons Level 1  
  123  8:17  Zergling x14  
  150  8:25  Zergling x4  
  152  8:27  Infestation Pit  
  152  8:30  Hatchery, Baneling x5  
  152  8:31  Baneling  
  152  8:33  Zergling x10  
  155  8:41  Zergling x8  
  155  8:47  Hatchery  
  158  8:48  Mutalisk  
  158  8:49  Mutalisk x2  
  154  8:57  Zergling x2  
  154  8:58  Zergling x20  
  163  9:03  Mutalisk  
  162  9:11  Infestation Pit  
  162  9:16  Zergling x8  
  165  9:18  Zergling x8  
  165  9:21  Mutalisk x3  
  175  9:24  Queen  
  175  9:27  Hive  
  175  9:28  Zergling x2  
  175  9:29  Zergling x6  
  175  9:31  Overlord x2  
  182  9:33  Overlord  
  182  9:35  Baneling x9  
  181  9:49  Baneling  
  181  9:50  Baneling x8  
  177  9:54  Zergling x24  
  177  9:58  Ravager x2  
  189  10:04  Zergling x2  
  189  10:05  Zergling x20  
  196  10:10  Zerg Melee Weapons Level 2  
  196  10:13  Zergling x10  
  195  10:21  Zergling x14  
  180  10:32  Zergling x20  
  180  10:34  Ravager x4  
  186  10:39  Zergling x12  
  181  10:51  Zerg Ground Armor Level 3  
  181  10:52  Zergling x14  
  183  11:00  Zergling x12  
  171  11:09  Queen  
  150  11:12  Mutalisk x4  
  150  11:13  Zergling x8  
  150  11:18  Zergling x4  
  162  11:22  Mutalisk  
  162  11:25  Zergling x14  
  171  11:29  Zergling x2  
  172  11:33  Queen  
  172  11:37  Queen  
  172  11:38  Zergling x2  
  172  11:39  Zergling x8  
  180  11:44  Zergling x2  
  180  11:45  Zergling x8  
  184  11:51  Zergling x2  
  184  11:52  Baneling x13  
  184  11:53  Zergling x10  
  189  12:04  Adrenal Glands  
  189  12:06  Zergling x24  
  174  12:23  Zergling x20  
  174  12:24  Zergling x4  
  167  12:31  Mutalisk x4  
  167  12:35  Zergling x14  
  178  12:39  Mutalisk  
  178  12:41  Hatchery  
  178  12:44  Zergling x8  
  183  12:47  Zergling x8  
  183  12:49  Baneling  
  183  12:50  Baneling x5  
  183  12:51  Baneling  
  187  12:52  Extractor  
  187  12:53  Drone x4, Extractor  
  187  12:54  Extractor  
  187  12:55  Baneling x2  
  188  12:59  Baneling x2  
  189  13:05  Zergling x16  
  189  13:06  Zergling x2  
  189  13:11  Zergling x4  
  199  13:16  Ultralisk Cavern  
  182  13:26  Zergling x20  
  182  13:27  Zergling x10  
  196  13:30  Baneling  
  196  13:31  Baneling x7  
  195  13:34  Zergling x2  
  195  13:35  Zergling x6  
  195  13:36  Overlord  
  198  13:55  Zergling x12  
  199  14:02  Zergling x8  
  197  14:03  Queen  
  197  14:04  Chitinous Plating  
  185  14:11  Zergling x22  
  184  14:21  Baneling x16  
  184  14:22  Zergling x14, Baneling x5  
  179  14:25  Baneling Nest  
  144  14:32  Mutalisk x2  
  144  14:36  Zergling x10  
  139  14:44  Zergling x10  
  125  14:50  Zergling x8  
  128  15:00  Ultralisk  
  128  15:12  Zergling x8, Ultralisk  
  137  15:20  Zergling x2, Ultralisk  
  139  15:26  Zergling x10  
  138  15:36  Baneling x13  
  138  15:40  Zergling x6  
  134  15:46  Zergling x10  
  116  16:02  Zergling x20  
  109  16:25  Hatchery  
  107  16:34  Drone x10  
  113  16:49  Ultralisk  
  113  16:52  Baneling x5  
  113  16:53  Baneling x2  
  119  16:59  Zergling x8  
  121  17:04  Overseer  
  103  17:19  Drone x9  
  108  17:42  Hatchery  
  88  17:55  Ultralisk  
  92  18:08  Ultralisk  
  95  18:18  Zergling x8  
  99  18:21  Spore Crawler  
  91  18:35  Zergling x4, Ultralisk  
  99  18:46  Hatchery  
  91  18:56  Baneling  
  91  18:57  Baneling x7  
  85  19:05  Corruptor x2  
  85  19:08  Corruptor  
  91  19:16  Zergling x6  
  88  19:25  Zergling x10  
  92  19:35  Baneling x6  
  92  19:42  Zergling x8  
  92  19:45  Baneling x3  
  96  19:47  Baneling x3  
  90  20:04  Zergling x16  
  70  20:14  Zergling x12  
  67  20:27  Zergling x2, Ultralisk  
  56  20:41  Zergling x10  
  60  20:45  Overseer  
  57  20:54  Drone x5  
  57  21:10  Drone x3  
  60  21:11  Drone x2, Extractor  
  60  21:13  Extractor  
  60  21:16  Baneling  
  60  21:17  Baneling x2  
  60  21:20  Drone x3  
  60  21:21  Drone x3  
  60  21:22  Drone  
  67  21:27  Drone x2  
  67  21:29  Extractor  
  68  21:38  Drone  
  69  21:45  Drone  
  69  21:46  Drone  
  71  21:51  Hatchery  
  71  21:52  Drone x5  
  75  22:00  Baneling x2  
  73  22:03  Zergling x2  
  73  22:04  Zergling x10  
  79  22:11  Zergling x10  
  84  22:20  Extractor  
  83  22:28  Baneling x5  
  83  22:36  Baneling  
  83  22:37  Baneling  
  83  22:40  Spawning Pool  
  76  22:59  Hatchery, Spawning Pool  
  76  23:04  Ultralisk Cavern  
Show
View Real Time Build Order
Export as new Build Order

iGXY Terran - Winner!

Build Orders: Reaper Expand, Hellion Banshee 

Get SALT Encoding   

  12  0:00  SCV  
  13  0:12  SCV  
  14  0:17  Supply Depot  
  14  0:24  SCV  
  15  0:39  SCV  
  15  0:40  Barracks  
  16  0:44  Refinery  
  16  0:51  SCV  
  17  1:03  SCV  
  18  1:15  SCV  
  19  1:27  Reaper, Orbital Command  
  20  1:38  Command Center  
  20  1:47  Supply Depot  
  20  1:53  SCV  
  21  1:58  Marine  
  22  2:05  SCV  
  23  2:11  Factory  
  23  2:16  Marine  
  23  2:17  SCV  
  25  2:29  SCV  
  26  2:41  SCV  
  27  2:46  Command Center  
  27  2:50  Orbital Command  
  26  2:54  SCV  
  26  2:56  Starport  
  27  3:05  Hellion  
  29  3:06  SCV  
  29  3:12  Refinery  
  30  3:19  Barracks Reactor  
  30  3:22  SCV  
  30  3:26  SCV, Hellion  
  33  3:34  SCV  
  33  3:43  SCV  
  33  3:46  SCV  
  35  3:48  Starport Tech Lab  
  35  3:55  SCV  
  36  3:58  Orbital Command  
  36  3:59  SCV  
  36  4:01  Hellion  
  36  4:02  Hellion  
  41  4:06  Barracks Tech Lab  
  41  4:07  SCV, Banshee  
  45  4:11  SCV, Cloaking Field  
  45  4:15  Orbital Command  
  46  4:19  SCV  
  46  4:20  Supply Depot  
  46  4:23  SCV, Hellion x2  
  52  4:31  SCV  
  52  4:35  SCV  
  50  4:41  SCV  
  50  4:43  SCV  
  50  4:44  Hellion  
  50  4:45  Hellion  
  56  4:47  SCV  
  56  4:50  Banshee  
  60  4:53  SCV  
  60  4:56  SCV  
  60  4:59  SCV  
  63  5:00  Stimpack, Marine  
  63  5:05  SCV, Barracks  
  63  5:06  Barracks  
  69  5:08  Supply Depot  
  69  5:09  SCV  
  66  5:17  SCV, Engineering Bay  
  66  5:18  Factory Reactor  
  66  5:20  SCV, Supply Depot  
  68  5:22  Engineering Bay  
  68  5:23  Refinery  
  68  5:24  Refinery  
  68  5:25  SCV  
  69  5:29  Marine  
  69  5:30  SCV  
  71  5:37  SCV  
  71  5:39  SCV  
  73  5:43  Barracks  
  73  5:44  Starport Reactor  
  73  5:45  SCV, Barracks  
  73  5:46  Terran Infantry Weapons Level 1  
  73  5:49  Terran Infantry Armor Level 1  
  74  5:50  SCV  
  74  5:52  Marine  
  76  5:58  SCV  
  76  5:59  Supply Depot  
  76  6:01  Armory, Marine x2  
  76  6:03  SCV, Supply Depot  
  81  6:04  SCV  
  81  6:05  Refinery  
  81  6:07  Marine x2  
  81  6:10  SCV  
  84  6:15  SCV, Supply Depot  
  84  6:17  SCV, Siege Tank  
  89  6:20  Supply Depot  
  89  6:21  Supply Depot, Marine  
  89  6:22  Marine x2  
  89  6:23  SCV  
  93  6:27  SCV  
  93  6:29  SCV, Marine  
  93  6:30  Marine  
  97  6:32  Supply Depot  
  97  6:38  Barracks Reactor x2  
  97  6:41  SCV x2  
  97  6:43  Combat Shield  
  97  6:44  Marine x2  
  97  6:47  SCV  
  102  6:49  Siege Tank  
  102  6:50  Marine  
  102  6:51  Marine x2  
  102  6:53  SCV x2  
  110  6:54  Supply Depot  
  110  6:59  Factory  
  110  7:02  Terran Vehicle And Ship Armor Level 1, Marine x2  
  110  7:03  SCV  
  110  7:06  SCV x2  
  115  7:08  Marine x2  
  117  7:18  Medivac x2  
  117  7:19  SCV  
  117  7:21  Refinery  
  117  7:22  Supply Depot  
  123  7:23  Siege Tank  
  123  7:29  Supply Depot, Marine x5  
  130  7:37  Supply Depot x2  
  130  7:39  Supply Depot  
  130  7:43  Factory Tech Lab  
  130  7:45  Terran Infantry Weapons Level 2  
  130  7:46  Marine x3  
  130  7:47  Terran Infantry Armor Level 2  
  130  7:48  Marine x3  
  130  7:49  Marine x2  
  138  7:51  Marine  
  138  7:57  Siege Tank  
  142  8:04  Marine x3  
  145  8:10  Siege Tank  
  145  8:11  Marine x2  
  150  8:14  Command Center  
  150  8:15  Marine  
  150  8:18  Supply Depot, Marine x3  
  150  8:19  Supply Depot  
  154  8:20  Medivac x2  
  154  8:26  Marine  
  159  8:28  Marine x2  
  159  8:32  Marine x2  
  159  8:33  Marine  
  164  8:34  Siege Tank  
  164  8:36  Marine  
  164  8:37  Marine x2  
  170  8:42  Siege Tank  
  170  8:44  Marine  
  170  8:47  Barracks  
  174  8:50  Barracks  
  174  8:52  Barracks  
  170  8:57  Marine x2  
  170  9:02  Marine x2  
  159  9:03  Marine x2  
  159  9:05  Marine x3  
  159  9:06  Medivac, Siege Tank  
  169  9:11  Missile Turret  
  169  9:12  Missile Turret  
  169  9:14  Missile Turret, Siege Tank  
  169  9:15  Marine x2  
  172  9:20  Medivac, Marine  
  172  9:21  Marine x2  
  172  9:22  Marine  
  172  9:23  Marine x2  
  180  9:36  Medivac  
  180  9:37  Marine x2  
  180  9:38  Marine, Siege Tank  
  185  9:39  Marine  
  185  9:44  Planetary Fortress  
  186  9:55  Marine x3  
  189  10:02  Marine x3  
  189  10:05  Terran Infantry Weapons Level 3  
  189  10:06  Terran Infantry Armor Level 3  
  185  10:12  Marine  
  185  10:14  Missile Turret, Marine x2  
  179  10:17  SCV x2, Marine x3  
  179  10:20  Marine x2  
  172  10:23  Marine  
  159  10:29  Marine  
  159  10:32  Marine x2  
  159  10:34  SCV x3  
  159  10:35  Marine x3  
  150  10:38  Marine x2  
  150  10:41  Marine  
  144  10:43  SCV  
  144  10:46  SCV x3  
  144  10:47  Marine  
  144  10:49  Marine x2  
  146  10:53  Marine x5  
  146  10:56  SCV, Marine x2  
  156  10:58  SCV x3  
  156  10:59  Marine  
  160  11:05  Marine  
  160  11:07  Marine x2  
  160  11:10  SCV, Marine x3  
  160  11:11  Marine x2  
  167  11:14  Marine x2  
  167  11:17  Marine  
  171  11:23  Marine  
  172  11:28  Marine x3  
  172  11:36  Supply Depot, Marine x4, Medivac x2  
  172  11:37  Supply Depot  
  172  11:38  Supply Depot  
  180  11:40  Missile Turret  
  180  11:49  Missile Turret, Marine x3  
  180  11:56  Supply Depot  
  180  11:57  Supply Depot, Marine x7  
  180  12:01  Siege Tank x2  
  193  12:02  Marine  
  193  12:03  Missile Turret  
  193  12:06  Medivac x2  
  193  12:07  Marine x2  
  200  12:12  Missile Turret  
  186  12:26  Marine x8  
  186  12:27  Marine x3  
  157  12:40  Command Center  
  157  12:41  Siege Tank  
  157  12:42  Drilling Claws  
  160  12:44  Marine x11  
  171  13:01  Sensor Tower  
  171  13:02  Marine x8  
  179  13:12  Siege Tank  
  182  13:13  Marine  
  182  13:19  Marine  
  188  13:20  Marine x5  
  188  13:25  Sensor Tower  
  188  13:26  Marine x4  
  195  13:31  Marine  
  193  13:38  Factory Reactor  
  193  13:44  Siege Tank  
  193  14:02  Marauder, Marine x5  
  190  14:13  Marine x5  
  194  14:20  Marine x5  
  194  14:21  Orbital Command  
  196  14:24  Marauder  
  196  14:31  Marine x5  
  187  14:34  Medivac x2  
  187  14:37  Marine  
  187  14:38  Marine x4  
  146  14:44  SCV x2  
  120  14:45  Marine  
  120  14:49  Marine x5  
  116  14:55  Marine  
  116  14:56  SCV x2, Marine x4  
  123  15:03  Marine  
  123  15:04  Missile Turret  
  123  15:06  Marine  
  124  15:07  Marine x4  
  124  15:13  Marine x5  
  134  15:14  Widow Mine  
  134  15:15  Widow Mine  
  134  15:17  Factory  
  134  15:21  Marine  
  130  15:24  Marine  
  130  15:25  Marine x4  
  124  15:31  Marine x5  
  127  15:39  Marauder  
  127  15:40  SCV  
  127  15:41  SCV x2  
  127  15:42  Marine x5  
  127  15:49  Marine x5  
  128  15:52  SCV  
  128  15:53  SCV x2  
  111  16:00  Marine x5  
  118  16:05  SCV x2  
  117  16:14  Marine  
  117  16:15  Marauder  
  116  16:18  Barracks Tech Lab x2  
  116  16:23  Marine x2  
  118  16:32  Widow Mine x2  
  101  16:33  Medivac  
  101  16:34  Medivac  
  101  16:36  Marauder  
  102  16:43  Marauder x2  
  102  16:45  SCV  
  102  16:46  SCV  
  107  16:49  Marine  
  107  16:52  Barracks Tech Lab  
  107  16:58  SCV, Marauder, Marine  
  108  17:03  Marine  
  108  17:04  Marauder x2  
  109  17:15  Marauder  
  111  17:16  Orbital Command  
  111  17:18  Marine x2  
  111  17:19  Marauder, Widow Mine  
  111  17:20  Widow Mine  
  119  17:25  Marauder  
  119  17:26  Marauder  
  122  17:30  Marine  
  122  17:36  Marauder  
  119  17:38  Marine x3  
  119  17:40  SCV x2, Marauder  
  119  17:42  SCV  
  127  17:47  Marauder  
  127  17:48  Marauder, Marine  
  127  17:51  Marine  
  131  17:52  SCV x2  
  131  17:57  Marauder  
  131  17:58  Marine  
  131  18:00  SCV  
  131  18:02  Marauder  
  129  18:08  Marauder  
  129  18:09  Marauder  
  124  18:14  Marine x2  
  124  18:18  SCV  
  130  18:23  SCV  
  130  18:24  Marine  
  126  18:30  Marauder  
  126  18:31  Marine  
  126  18:34  SCV  
  126  18:36  SCV, Liberator  
  126  18:37  Liberator  
  128  18:46  SCV  
  128  18:48  SCV  
  123  18:58  SCV  
  123  18:59  Marauder  
  123  19:01  Marine x2  
  123  19:02  Marauder, Marine  
  127  19:09  Orbital Command  
  125  19:19  Medivac  
  125  19:25  Marauder  
  124  19:35  Liberator  
  127  19:39  Marauder x2  
  131  19:48  Marauder x2, Liberator  
  138  19:53  Marine x2  
  139  20:00  Marauder  
  139  20:06  Marauder  
  126  20:07  Marine  
  126  20:08  Command Center  
  126  20:10  Marauder x2  
  126  20:11  Sensor Tower  
  125  20:14  Marine  
  117  20:21  Marauder  
  117  20:27  Marine x3  
  106  20:29  SCV  
  106  20:31  Marauder  
  106  20:33  Missile Turret  
  107  20:35  Missile Turret  
  107  20:39  Marauder  
  107  20:41  Marine  
  103  20:43  Marine  
  103  20:46  Marine  
  103  20:48  Marine  
  103  20:49  Marine  
  91  20:58  Marine  
  91  20:59  Marine x2  
  91  21:03  Concussive Shells  
  94  21:04  SCV x3  
  94  21:06  Marauder  
  94  21:10  Marine  
  102  21:12  Medivac x2  
  104  21:24  Marauder x2  
  108  21:26  Ghost Academy  
  108  21:32  Marauder x2  
  112  21:35  Marine x2  
  112  21:36  Marine  
  115  21:42  Medivac x2  
  115  21:45  Marauder  
  115  21:46  Widow Mine x2  
  125  22:02  Missile Turret, Sensor Tower  
  129  22:08  Marauder x2  
  129  22:09  Marauder, Marine  
  129  22:12  Medivac  
  129  22:13  Medivac  
  136  22:22  Missile Turret  
  134  22:31  Ghost x3  
  134  22:34  Widow Mine x2  
  144  22:42  Medivac  
  146  22:47  Planetary Fortress  
  146  22:48  SCV x3  
  141  22:55  Marine, Widow Mine x2  
  146  23:00  SCV x2  
  146  23:01  SCV  
  146  23:06  Marine  
  146  23:07  Marauder x2  
Tags
 
Add a new tag
Caveats
  • Supply blocks, unpowered buildings, or Contaminate may cause inaccurate times.
  • Supply counts are checked every 10 seconds.